 Dungeon Crawl Stone Soup version 0.28.0-43-g3370ac3207 (webtiles) character file.

Game seed: 8838426164377504331

10 Descartes the Sneak (level 2, 0/14 HPs)
             Began as a Felid Delver on Mar 27, 2022.
             Slain by a bullfrog skeleton (1 damage)
             ... on level 5 of the Dungeon.
             The game lasted 00:00:33 (86 turns).

Descartes the Sneak (Felid Delver)                    Turns: 86, Time: 00:00:34

Health: 0/14       AC:  1    Str:  8    XL:     2   Next: 10%
Magic:  3/3        EV: 17    Int: 11    God:
Gold:   33         SH:  0    Dex: 17    Spells: 1/1 levels left
                                        Lives:  0   Deaths: 0

rFire   . . .      SeeInvis +     - Unarmed
rCold   . . .      Faith    .   (shield unavailable)
rNeg    . . .      Spirit   .   (armour unavailable)
rPois   .          Reflect  .   (helmet unavailable)
rElec   .          Harm     .   (cloak unavailable)
rCorr   .          Rampage  .   (gloves unavailable)
Will    .....                   (boots unavailable)
Stlth   ++++......              (no amulet)
HPRegen 0.04/turn               (no ring)
MPRegen 0.08/turn               (no ring)

@: quick
A: very small, claws 1, fangs 3, see invisible, speed 1, shaggy fur 1, stealthy
paws, no weapons or thrown items, no armour, multi-lived
a: no special abilities


You were on level 5 of the Dungeon.
You visited 1 branch of the dungeon, and saw 1 of its levels.

You collected 33 gold pieces.

Inventory:

Wands
 e - a wand of digging (3)
Scrolls
 a - 2 scrolls of fog
 b - a scroll of magic mapping
 c - 2 scrolls of fear
 f - a scroll of teleportation {unknown}
Potions
 d - a potion of haste


   Skills:
 - Level 3.0 Fighting
 + Level 2.7 Dodging
 + Level 7.2 Stealth
 + Level 2.0 Unarmed Combat


You had one spell level left.
You didn't know any spells.
Your spell library was empty.

Dungeon Overview and Level Annotations

Branches:
Dungeon (5/15)
 Temple: D:4-7

Altars:


Innate Abilities, Weirdness & Mutations

You have sharp claws.
You have razor-sharp teeth.
You have supernaturally acute eyesight. (SInv)
You cover ground quickly. (Speed+)
You are covered in fur. (AC +1)
Your paws help you pounce on unaware monsters.
You are incapable of wielding weapons or throwing items.
You cannot wear armour.
You gain extra lives every three experience levels.


Message History

A quokka comes into view.
Found 24 stones.
A scorpion comes into view.
You pounce on the unaware helpless adder!
You mangle the adder!!
You kill the adder!
Your Stealth skill increases to level 7!
You have reached level 2!
The quokka completely misses you.
You closely miss the quokka. The quokka misses you.
You scratch the quokka.
You kill the quokka!
A centaur comes into view.
Found 20 sling bullets.
You see here 19 stones.
You see here a quokka corpse.
The centaur shouts!
A bullfrog skeleton comes into view.
The scorpion stings you!
Ouch! That really hurt!
An orc comes into view. It is wielding a +0 dagger.
Found a flail and a scroll labelled OMEUPAE YSKERI.
The orc shouts!
The bullfrog skeleton hits you.
* * * LOW HITPOINT WARNING * * *
The bullfrog skeleton misses you.
A howler monkey skeleton comes into view.
A bullfrog skeleton, a scorpion zombie and an adder skeleton come into view.
A hound zombie comes into view.
Found a scroll of fog.
A water moccasin skeleton comes into view.
The centaur wields a +0 shortbow.
The centaur shoots an arrow.
The arrow hits you.
* * * LOW HITPOINT WARNING * * *
The centaur shoots an arrow.
The arrow closely misses you.
The centaur shoots an arrow.
The arrow misses you.
You see here a scroll of fog.
a - 2 scrolls of fog (gained 1)
The bullfrog skeleton hits you.
You die...

#...........P.
#.......ZPPZ .
#.........# #.
#.........# #..
#..c.....##...#
##Z.......#.#.#
##.#######......##.....#
............######.#....
.......@Zs..#####.s...##
......###....#....###.#.
..... ####....#c# ....
.... ##.....###.#. #.#
#...##.....## #
#.....##.#c..o ....
..#.....# .... #...#.#.#
. ##..#...#


You could see a centaur, a scorpion and 2 bullfrog skeletons.

Vanquished Creatures
  An adder (D:5)
  A quokka (D:5)
2 creatures vanquished.

Notes
Turn   | Place    | Note
-------+----------+-------------------------------------------
     0 | D:5      | Descartes the Felid Delver began the quest for the Orb.
     0 | D:5      | Reached XP level 1. HP: 10/10 MP: 2/2
    41 | D:5      | Noticed a scorpion
    44 | D:5      | Reached skill level 7 in Stealth
    44 | D:5      | Reached XP level 2. HP: 14/14 MP: 3/3
    51 | D:5      | Noticed a centaur
    86 | D:5      | Slain by a bullfrog skeleton

Illustrated notes

Levels and vault maps discovered:
D:5:      layout_cave_pods, minmay_temple_entry_tees, serial_undead,
          serial_undead_a, serial_undead_e, serial_undead_b, serial_undead_b,
          chequers_serial_rivers_small_b, minmay_misc_feat_cross,
          kennysheep_another_room, minmay_fractal_squares_5

Skill      XL: |  1 |
---------------+----+-----
Stealth        | 7 |  7.2
Fighting       | |  3.0
Dodging        | |  2.7
Unarmed Combat | |  2.0

Action                   || total
-------------------------++-------
Melee: Unarmed           ||     3
 Stab: Sleeping          ||     1
Dodge: Dodged            ||     5
